 Dungeon Crawl Stone Soup version 0.32-a0-900-g30fb1b0edc (webtiles) character file.

Game seed: 17700410502271275996

514355 tinescath the Metallomancer (level 23, -1/193 (209) HPs)
             Began as a Grey Draconian Conjurer on Mar 31, 2024.
             Was the Champion of Vehumet.
             Killed from afar by a quicksilver dragon (18 damage)
             ... with a bolt of dispelling energy
             ... on level 1 of the Realm of Zot on Apr 5, 2024.
             The game lasted 05:31:38 (121326 turns).

tinescath the Metallomancer (DrCj)                Turns: 121326, Time: 05:31:39

HP:   -1/193 (209)  AC: 24    Str: 16    XL:     23   Next: 98%
MP:   1/46          EV: 30    Int: 32    God:    Vehumet [******]
Gold: 6209          SH:  5    Dex: 11    Spells: 3/60 levels left

rFire   + . .        K - staff of earth
rCold   . . .        (no shield)
rNeg    . . .        (body armour unavailable)
rPois   .            V - +2 hat {Stlth+}
rElec   .            a - +1 cloak of Starlight {*Dazzle EV+4 Stlth--}
rCorr   .            c - +0 pair of gloves of Autumn {rF+ Str+6 Int+4}
SInv    +            N - +2 pair of boots {rampage}
Will    +....        S - amulet of reflection
Stlth   +            y - ring of the Hare {EV+10}
HPRegen 0.52/turn    f - ring of see invisible
MPRegen 0.30/turn

%: reflection, rampage
@: hasted (expiring), studying 2 skills, drained, very quick
A: mud breath, mud-swimmer, AC +16, amphibious, unfitting armour, cold-blooded,
inability to drink after injury 1
}: 3/15 runes: decaying, silver, gossamer
a: Mud Breath, Renounce Religion


You were on level 1 of the Realm of Zot.
You worshipped Vehumet.
Vehumet was exalted by your worship.
You visited 10 branches of the dungeon, and saw 44 of its levels.
You visited the Abyss 1 time.
You also visited: Ossuary, Bailey and Gauntlet.

You collected 6749 gold pieces.
You spent 540 gold pieces at shops.

Inventory:

Hand Weapons
 x - a +4 demon whip of freezing
Armour
 a - the +1 cloak of Starlight (worn) {*Dazzle EV+4 Stlth--}
   (You found it on level 5 of the Vaults)

   *Dazzle:   It may blind those who miss an attack against the wearer in melee
   combat.
   EV+4:      It affects your evasion (+4).
   Stlth--:   It makes you much less stealthy.
 b - the +0 cloak "Wiynen" {Will+ Dex+2 SInv}
   (You bought it in a shop on level 2 of the Depths)

   Dex+2:     It affects your dexterity (+2).
   Will+:     It increases your willpower.
   SInv:      It lets you see invisible.
 c - the +0 pair of gloves of Autumn (worn) {rF+ Str+6 Int+4}
   (You found it in a Gauntlet)

   Str+6:     It affects your strength (+6).
   Int+4:     It affects your intelligence (+4).
   rF+:       It protects you from fire.
 N - a +2 pair of boots of rampaging (worn)
 V - a +2 hat of stealth (worn)
 Y - the +18 shield of the Gong {Loud rN+ Will+ rCorr EV-5}
   (You took it off a deep elf high priest on level 3 of the Elven Halls)

   Loud:      It is deafeningly noisy when blocking attacks.
   EV-5:      It affects your evasion (-5).
   rN+:       It protects you from negative energy.
   Will+:     It increases your willpower.
   rCorr:     It protects you from acid and corrosion.
Magical Staves
 K - a staff of earth (weapon)
 L - the staff of the Blind Eye {rN+ Dex+2 Necro}
   (You found it on level 5 of the Vaults)

   [staff of death]

   Base accuracy: +5 Base damage: 5 Base attack delay: 1.2 This weapon's minimum
   attack delay (0.6) is reached at skill level 12.
   Dex+2:     It affects your dexterity (+2).
   rN+:       It protects you from negative energy.
   Necro:     It increases the power of your Necromancy spells.
   It falls into the 'Staves' category.
   It is a one-handed weapon.
 M - a staff of conjuration
 X - a staff of fire
Jewellery
 f - a ring of see invisible (right hand)
 g - an amulet of regeneration
 l - a +6 ring of strength
 o - the ring "Daaco" {rPois rF+ Int+3 Dex+3}
   (You found it on level 2 of the Depths)

   [ring of protection from fire]

   Int+3:     It affects your intelligence (+3).
   Dex+3:     It affects your dexterity (+3).
   rF+:       It protects you from fire.
   rPois:     It protects you from poison.
 q - the ring "Ynits" {Fire Dex+5}
   (You found it on level 2 of the Depths)

   [ring of fire]

   Fire:      It enhances your fire magic.
   Dex+5:     It affects your dexterity (+5).
   rF+:       It protects you from fire.
   rC-:       It makes you vulnerable to cold.
 s - the ring of the Enemy {rElec rC+ Str+6}
   (You found it in a Gauntlet)

   [ring of strength]

   Str+6:     It affects your strength (+6).
   rC+:       It protects you from cold.
   rElec:     It insulates you from electricity.
 y - the ring of the Hare (left hand) {EV+10}
   (You found it on level 3 of the Elven Halls)

   [ring of evasion]

   EV+10:     It affects your evasion (+10).
 z - a ring of positive energy
 I - the ring of Suspicion {rCorr Str+2 Stlth+}
   (You took it off a deep elf sorcerer on level 3 of the Elven Halls)

   [ring of resist corrosion]

   Str+2:     It affects your strength (+2).
   rCorr:     It protects you from acid and corrosion.
   Stlth+:    It makes you more stealthy.
 J - the ring of Ethror {rF+ rC+++ rN+ MP+9 Int-2}
   (You found it on level 3 of the Elven Halls)

   [ring of magical power]

   Int-2:     It affects your intelligence (-2).
   rF+:       It protects you from fire.
   rC+++:     It renders you almost immune to cold.
   rN+:       It protects you from negative energy.
   MP+9:      It affects your magic capacity (+9).
 P - a ring of protection from fire
 S - an amulet of reflection (around neck)
 T - the ring of Cusal {Ice rN+ Dex+3}
   (You found it on level 5 of the Vaults)

   [ring of ice]

   Ice:       It enhances your ice magic.
   Dex+3:     It affects your dexterity (+3).
   rF-:       It makes you vulnerable to fire.
   rC+:       It protects you from cold.
   rN+:       It protects you from negative energy.
 Z - the ring of the Assorted Ziggurats {rElec rPois Int+3}
   (You took it off a deep elf zephyrmancer on level 3 of the Elven Halls)

   [ring of poison resistance]

   Int+3:     It affects your intelligence (+3).
   rElec:     It insulates you from electricity.
   rPois:     It protects you from poison.
Wands
 m - a wand of iceblast (10)
 t - a wand of digging (10)
Scrolls
 e - 2 scrolls of summoning
 j - 17 scrolls of teleportation
 p - 4 scrolls of fog
 r - 7 scrolls of revelation
 u - a scroll of immolation
 w - 6 scrolls of fear
 D - 2 scrolls of silence
 F - 2 scrolls of enchant armour
 O - 6 scrolls of blinking
 U - a scroll of brand weapon
Potions
 d - 2 potions of lignification
 h - 9 potions of enlightenment
 i - 8 potions of haste
 k - 4 potions of cancellation
 n - 28 potions of curing
 v - 2 potions of magic
 B - 10 potions of brilliance
 C - 20 potions of heal wounds
 E - 2 potions of mutation
 Q - 7 potions of invisibility
 R - 7 potions of resistance


   Skills:
 + Level 18.3 Fighting
 - Level 12.8 Dodging
 - Level 1.7 Stealth
 + Level 6.6 Shields
 + Level 19.2 Spellcasting
 + Level 18.5 Conjurations
 - Level 4.0 Necromancy
 * Level 20.6 Fire Magic
 + Level 21.2 Earth Magic


You had 3 spell levels left.
You knew the following spells:

 Your Spells              Type           Power      Damage    Failure   Level
a - Magic Dart            Conj           100%       1d8       0%          1
b - Searing Ray           Conj           100%       2d8       0%          2
c - Shatter               Erth           64%        3d48*     5%          9
d - Passwall              Erth           100%       N/A       0%          3
e - Fireball              Conj/Fire      51%        3d20      0%          5
f - Iskenderun's Mystic   Conj/Tloc      74%        2d15      (+2d81%     4
g - Starburst             Conj/Fire      51%        6d14      1%          6
h - Stone Arrow           Conj/Erth      100%       3d13      0%          3
i - Bombard               Conj/Erth      63%        9d10      1%          6
j - Borgnjor's Vile Clut  Necr/Erth      52%        N/A       1%          5
k - Lee's Rapid Deconstr  Erth           64%        3d29*     0%          5
l - Ignition              Fire           52%        3d14      1%          8

Your spell library contained the following spells:

 Spells                   Type           Power      Damage    Failure   Level
 Polar Vortex             Ice            15%        12d2*     100%        9
 Foxfire                  Conj/Fire      100%       2x1d9     0%          1
 Sandblast                Erth           100%       2d20      0%          1
 Scorch                   Fire           100%       2d9       0%          2
 Freeze                   Ice            100%       1d10      1%          1
 Shock                    Conj/Air       100%       1d9       1%          1
 Slow                     Hex            100%       N/A       1%          1
 Summon Small Mammal      Summ           100%       N/A       1%          1
 Call Imp                 Summ           60%        N/A       1%          2
 Cigotuvi's Dreadful Rot  Necr/Alch/Air  78%        N/A       1%          2
 Ensorcelled Hibernation  Hex/Ice        60%        N/A       1%          2
 Jinxbite                 Hex            60%        N/A       1%          2
 Lesser Beckoning         Tloc           60%        N/A       1%          2
 Mercury Vapours          Alch/Air       60%        N/A       1%          2
 Momentum Strike          Conj/Tloc      100%       3d10      1%          2
 Static Discharge         Conj/Air       100%       3-8/arc   1%          2
 Sublimation of Blood     Necr           54%        N/A       1%          2
 Dazzling Flash           Conj/Hex       100%       N/A       1%          3
 Frozen Ramparts          Ice            60%        1d10      1%          3
 Fugue of the Fallen      Necr           54%        N/A       1%          3
 Hailstorm                Conj/Ice       74%        3d13      1%          3
 Inner Flame              Hex/Fire       77%        N/A       1%          3
 Mephitic Cloud           Conj/Alch/Air  63%        N/A       1%          3
 Vampiric Draining        Necr           54%        2d9       1%          3
 Call Canine Familiar     Summ           30%        N/A       3%          3
 Confusing Touch          Hex            30%        N/A       3%          3
 Maxwell's Portable Pile  Tloc           30%        2d(8-22)  3%          3
 Ozocubu's Armour         Ice            30%        N/A       3%          3
 Sigil of Binding         Hex            30%        N/A       3%          3
 Swiftness                Air            30%        N/A       3%          3
 Teleport Other           Tloc           30%        N/A       3%          3
 Tukima's Dance           Hex            30%        N/A       3%          3
 Flame Wave               Conj/Fire      100%       2d21      0%          4
 Fulminant Prism          Conj/Alch      37%        3d18      1%          4
 Ignite Poison            Fire/Alch      77%        N/A       1%          4
 Petrify                  Alch/Erth      99%        N/A       1%          4
 Sticky Flame             Fire/Alch      77%        2d12      1%          4
 Summon Blazeheart Golem  Fire/Summ      77%        N/A       1%          4
 Freezing Cloud           Conj/Ice/Air   31%        6-21      1%          5
 Irradiate                Conj/Alch      37%        3d24      1%          5
 Conjure Ball Lightning   Conj/Air       37%        3x3d12    1%          6
 Permafrost Eruption      Ice/Erth       49%        2x4d11    1%          6
 Plasma Beam              Fire/Air       38%        2x1d52    1%          6
 Orb of Destruction       Conj           49%        9d13      1%          7
 Lehudib's Crystal Spear  Conj/Erth      63%        10d14     1%          8
 Animate Dead             Necr           54%        N/A       2%          4
 Airstrike                Air            15%        2d(3-19)  3%          4
 Olgreb's Toxic Radiance  Alch           30%        N/A       3%          4
 Martyr's Knell           Necr/Summ      43%        N/A       5%          4
 Spellforged Servitor     Conj/Summ      37%        N/A       6%          7
 Yara's Violent Unravell  Hex/Alch       15%        3d8       9%          5
 Fire Storm               Conj/Fire      51%        8d13      11%         9
 Cause Fear               Hex            15%        N/A       12%         4
 Dimensional Bullseye     Hex/Tloc       15%        N/A       12%         4
 Passage of Golubria      Tloc           30%        N/A       12%         4
 Summon Lightning Spire   Summ/Air       30%        N/A       12%         4
 Alistair's Intoxication  Alch           20%        N/A       32%         5
 Metabolic Englaciation   Hex/Ice        15%        N/A       32%         5
 Summon Forest            Summ/Tloc      15%        N/A       32%         5
 Summon Mana Viper        Hex/Summ       30%        N/A       32%         5
 Death Channel            Necr           27%        N/A       34%         6
 Eringya's Noxious Bog    Alch           15%        4d6       41%         6
 Dispersal                Tloc           15%        N/A       88%         6
 Gell's Gavotte           Tloc           15%        2d(18-26) 88%         6
 Sculpt Simulacrum        Ice/Alch       15%        N/A       88%         6
 Ozocubu's Refrigeration  Ice            15%        4d10      91%         7
 Haunt                    Necr/Summ      21%        N/A       99%         7
 Chain Lightning          Conj/Air       37%        3d49      99%         9
 Manifold Assault         Tloc           15%        N/A       100%        7
 Summon Hydra             Summ           15%        N/A       100%        7
 Discord                  Hex            15%        N/A       100%        8
 Disjunction              Tloc           15%        N/A       100%        8
 Maxwell's Capacitive Co  Air            15%        ∞         100%        8
 Summon Horrible Things   Summ           15%        N/A       100%        8
 Dragon's Call            Summ           15%        N/A       100%        9
 Animate Armour           Summ/Erth      Unusable   N/A       N/A         4

Dungeon Overview and Level Annotations

Branches:
Dungeon (15/15)            Temple (1/1) D:5            Lair (5/5) D:9
  Swamp (4/4) Lair:2       Spider (4/4) Lair:3        Slime (0/5) Lair:4
    Orc (2/2) D:12            Elf (3/3) Orc:2        Vaults (5/5) D:14
  Crypt (0/3) Vaults:2     Depths (4/4) D:15            Zot (1/5) Depths:4
Ossuary (visited)          Bailey (visited)         Gauntlet (visited)

Altars:
Ashenzari
Cheibriados
Dithmenos
Elyvilon
Fedhas
Gozag
Hepliaklqana
Kikubaaqudgha
Makhleb
Nemelex Xobeh
Okawaru
Qazlal
Ru
Sif Muna
Trog
Uskayaw
Vehumet
Wu Jian
Xom
Yredelemnul
Zin
The Shining One
Beogh
Jiyva

Shops:
D:3 *   D:5 *?(*[(*   D:7 =?   Orc:2 ?*!:   Elf:2 =   Vaults:1 =   Vaults:2 :
Vaults:3 [   Depths:2 ![=([   Depths:3 =::

Portals:
Hell: Depths:1 Depths:2 Depths:3 Depths:4
Abyss: Depths:3
Pandemonium: Depths:2 Depths:3
Ziggurat: Depths:1

Annotations:
Spider:1 exclusion: jorogumo
Elf:1 exclusions: arcanist and deep elf pyromancer
Elf:3 1 runed translucent door, Xoplewiq's ghost, adept DsGl


Innate Abilities, Weirdness & Mutations

You can breathe torrents of mud.
You are unimpeded by mud.
Your dull iron-grey scales are very hard. (AC +16)
You are amphibious.
You cannot fit into any form of body armour.
You are cold-blooded and may be slowed by cold attacks.
You occasionally lose the ability to drink potions when taking damage.


Message History

You feel yourself speed up.
The quicksilver dragon attacks as it pursues you!
The quicksilver dragon misses you. x2
The quicksilver dragon breathes dispelling energy at you.
The bolt of dispelling energy misses you.
Casting: Borgnjor's Vile Clutch (mildly dangerous; 1% risk of failure)
Confirm with . or Enter, or press ? or * to list all spells.
Aiming: Borgnjor's Vile Clutch (mildly dangerous; 1% risk of failure)
Press: ? - help, Shift-Dir - straight line, f - storm dragon, p - black draconian knight
Aim: a storm dragon (lightly wounded, 100% to hit)
You feel a surge of power!
Zombie hands grab the quicksilver dragon.
Zombie hands grab the black draconian knight.
Zombie hands grab the storm dragon.
The zombie hands constrict the quicksilver dragon.
The zombie hands constrict the black draconian knight, but do no damage.
The zombie hands constrict the storm dragon.
The storm dragon struggles to escape constriction.
The black draconian knight struggles to escape constriction.
The quicksilver dragon struggles to escape constriction.
The zombie hands constrict the quicksilver dragon.
The zombie hands constrict the black draconian knight, but do no damage.
The zombie hands constrict the storm dragon!
The black draconian knight struggles to escape constriction.
The storm dragon struggles to escape constriction.
The quicksilver dragon struggles to escape constriction.
The zombie hands constrict the quicksilver dragon.
The zombie hands constrict the black draconian knight.
The zombie hands constrict the storm dragon.
The black draconian knight struggles to escape constriction.
The quicksilver dragon escapes!
The storm dragon escapes!
Things that are here:
a +0 halberd; a purple draconian skeleton The zombie hands constrict the black draconian knight.
The black draconian knight escapes!
The curse toe gestures.
The quicksilver dragon breathes dispelling energy at you.
The bolt of dispelling energy hits you!!
Your magical effects are unravelling.
You die...

#...................z°....~~~~ff.
.........D..#.#.#ß#.#.#...~~~~~~.
.....####.............[.#########
.....####..q....#....)..#.....#
#...........D.................#
#.......#)...)..#.......#.#...#
.....⌠.....[................#####
#.#..####..[..f.f.......#.#......
...........[..[.@................
#.#.#.#.#.....).∩..(....#.#......
.....#...........................
#.#.#.#.#....................####
.#...#.......................#
#.#.#.#.#............#.......#
#########..................###
#.....#....#....####
#....#.#........#


You could see a black draconian knight (fast, invisible), a storm dragon, a
quicksilver dragon (catching breath), a deathcap (summoned) and a wandering
mushroom (summoned).

Vanquished Creatures
  2 ancient liches
  An orb of fire (Zot:1)
  Mara (Spider:4)
  Xtahua (Vaults:2)
  Parghit (Depths:4)
  A caustic shrike (Depths:2)
  3 golden dragons
  Nikola (Spider:3)
  Arachne (Spider:4)
  7 tentacled monstrosities
  Mlioglotl (Spider:4)
  6 liches
  A walking crystal tome (Depths:4)
  2 deep elf master archers
  2 titans
  2 death cobs
  3 quicksilver dragons
  A tentacled starspawn (Abyss:4)
  8 sphinxes
  5 storm dragons
  4 tengu reavers
  3 shadow dragons
  11 deep elf sorcerers
  A fenstrider witch (Swamp:4)
  12 fire giants
  6 emperor scorpions (Spider:4)
  5 iron dragons
  2 draconian knights (Zot:1)
  10 frost giants
  An orc warlord (Vaults:2)
  2 draconian scorchers (Depths:4)
  3 draconian shifters (Zot:1)
  12 vault wardens
  A balrug (Depths:3)
  5 ghost moths
  22 ironbound preservers
  5 deep elf elementalists (Elf:3)
  2 formless jellyfish (Vaults:3)
  10 stone giants
  12 very ugly things
  A draconian annihilator (Depths:4)
  2 broodmothers (Spider:2)
  7 eleionomae
  2 ironbound thunderhulks
  Nessos (Lair:3)
  2 black draconians
  7 deep elf death magi
  5 deep elf demonologists (Elf:3)
  A vampire knight (Depths:4)
  4 dire elephants (Vaults:2)
  2 green draconians (Depths:4)
  2 spark wasps (Spider:1)
  7 deep elf annihilators
  3 yellow draconians
  7 war gargoyles
  4 bunyips
  A white draconian (Zot:1)
  A minotaur (Gauntlet)
  A purple draconian (Zot:1)
  3 red draconians
  Azrael (D:14)
  17 ettins
  A mummy priest (Depths:3)
  A blizzard demon (Depths:3)
  5 deep elf high priests
  An eidolon (Depths:1)
  Josephine (D:15)
  2 merfolk impalers (Depths:2)
  6 fire dragons
  15 yaktaur captains
  A quicksilver dragon zombie (Depths:1)
  7 great orbs of eyes
  3 ice dragons
  3 shambling mangroves
  5 rakshasas
  6 entropy weavers
  27 vault guards
  2 jorogumos
  Harold (Lair:2)
  A hell beast (Depths:1)
  4 ogre magi
  2 peacekeepers
  10 centaur warriors
  A catoblepas (D:14)
  5 spriggan air magi
  21 hydras
  8 ironbound frosthearts
  A radroach (Spider:4)
  6 boulder beetles
  Erica (D:9)
  A ghost crab (Swamp:2)
  6 tengu warriors
  12 alligators
  36 dancing weapons
  12 two-headed ogres
  10 death yaks
  A two-headed ogre (shapeshifter) (Vaults:5)
  5 deep troll shamans
  A hell hog (Depths:1)
  3 deep troll earth magi
  3 spriggan berserkers
  4 demonic crawlers
  3 orc high priests (Depths:3)
  A shock serpent (Depths:3)
  A sun demon (Depths:2)
  An occultist (Elf:1)
  Urug (D:13)
  2 soul eaters
  3 naga sharpshooters (Depths:3)
  2 vampire magi
  16 deep elf knights
  Sonja (D:13)
  A fire crab (Gauntlet)
  2 pharaoh ants (Spider:4)
  7 iron trolls
  A deep troll (shapeshifter) (Vaults:5)
  4 goliath frogs
  A quicksilver dragon simulacrum (Depths:1)
  2 shadow wraiths (Depths:2)
  2 sea snakes (shapeshifter)
  4 skeletal warriors
  12 deep elf archers
  A storm dragon skeleton (D:15)
  Lodul (D:14)
  50 deep trolls
  3 spriggan druids
  A goliath frog (shapeshifter) (Vaults:5)
  5 glowing orange brains
  5 shadow demons
  5 orb spiders
  6 arcanists
  10 swamp dragons
  4 flayed ghosts (Depths:2)
  8 lindwurms
  A tengu zombie (Depths:1)
  A sun moth (shapeshifter) (Vaults:5)
  6 bog bodies
  A thermic dynamo (Elf:3)
  26 ironbound convokers
  30 deep elf pyromancers
  22 deep elf zephyrmancers
  5 harpies (Vaults:1)
  6 phantasmal warriors
  5 orc knights
  8 steelbarb worms
  3 necromancers
  19 wolf spiders
  4 cyclopes
  2 obsidian bats
  40 ugly things
  A shadow dragon skeleton (Depths:1)
  4 orc sorcerers
  Maurice (D:8)
  2 manticores
  A wolf spider (shapeshifter) (Vaults:5)
  4 will-o-the-wisps
  A frost giant skeleton (Depths:1)
  4 elephants (Lair:3)
  A meliai (shapeshifter) (Elf:3)
  12 meliai
  6 moths of wrath
  7 black mambas
  14 vault sentinels
  2 water nymphs (Swamp:4)
  15 cane toads
  An unseen horror (D:11)
  3 torpor snails
  Maggie (D:9)
  Jeremiah (D:9)
  4 rime drakes
  An unseen horror (shapeshifter) (D:13)
  2 freezing wraiths
  13 komodo dragons
  An efreet (D:15)
  30 yaktaurs
  3 kobold demonologists
  Psyche (D:8)
  A tormentor (Depths:2)
  3 tengu conjurers
  6 polar bears
  12 trolls
  A troll (shapeshifter) (D:14)
  2 hydra zombies (Swamp:1)
  A queen bee (Depths:3)
  9 tyrant leeches
  32 jumping spiders
  25 tarantellas
  16 blink frogs
  A merfolk (shapeshifter) (Vaults:4)
  27 hornets
  A dream sheep (Lair:5)
  A spriggan zombie (D:15)
  19 slime creatures
  A spriggan skeleton (D:15)
  7 wraiths
  A ynoxinul (Gauntlet)
  15 culicivoras
  A jumping spider (shapeshifter) (D:14)
  14 water elementals
  4 air elementals
  20 yaks
  6 fire bats (Gauntlet)
  27 spriggans
  5 wyverns
  4 basilisks
  5 wargs
  A redback (shapeshifter) (Vaults:5)
  22 vampire mosquitoes
  A steam dragon (D:7)
  5 fire elementals
  A spriggan simulacrum (Depths:1)
  66 redbacks
  21 swamp worms
  A swamp worm (shapeshifter) (Vaults:2)
  4 acid dragons
  5 hell hounds
  A water moccasin (shapeshifter) (D:15)
  9 water moccasins
  20 orc warriors
  7 swamp drakes
  7 laughing skulls
  3 black bears
  An ice beast (D:6)
  27 ogres
  38 wolves
  9 boggarts
  6 centaurs
  3 phantoms
  4 kobold brigands
  6 bullfrogs
  4 scorpions
  A small abomination (Abyss:4)
  3 gnoll sergeants
  6 earth elementals
  2 burial acolytes (Ossuary)
  6 wights
  6 killer bees (D:9)
  11 howler monkeys
  2 electric eels
  14 orc priests
  2 iron imps (Gauntlet)
  A gnoll bouda (D:6)
  A hound (D:5)
  Ijyb (D:3)
  28 orc wizards
  An iguana (D:6)
  Terence (D:3)
  23 gnolls
  8 adders
  5 shadow imps
  A ribbon worm zombie (D:5)
  An adder skeleton (Ossuary)
  2 ribbon worms
  97 orcs
  4 ball pythons
  3 bats
  9 endoplasms
  3 giant cockroaches
  10 goblins
  4 hobgoblins
  4 jackals (D:1)
  A quokka (D:1)
  3 ball python skeletons (Ossuary)
  4 frilled lizards
  2 hobgoblin skeletons (Ossuary)
  32 kobolds
  2 kobold skeletons (Ossuary)
  An orc skeleton (Ossuary)
  7 rats
1833 creatures vanquished.

Vanquished Creatures (others)
  A will-o-the-wisp (Swamp:2)
  A wyvern (Abyss:4)
  2 fire bats (Abyss:4)
  4 chaos spawn (Abyss:4)
  An electric eel (Lair:2)
  16 foxfires
  32 fulminant prisms
  2 starspawn tentacles (Abyss:4)
59 creatures vanquished.

Grand Total: 1892 creatures vanquished

Notes
Turn   | Place    | Note
-------+----------+-------------------------------------------
     0 | D:1      | tinescath the Draconian Conjurer began the quest for the
                  | Orb.
     0 | D:1      | Reached XP level 1. HP: 14/14 MP: 3/3
   255 | D:1      | Reached XP level 2. HP: 20/20 MP: 1/5
   258 | D:1      | Learned a level 2 spell: Searing Ray
  1083 | D:2      | Reached XP level 3. HP: 26/26 MP: 1/7
  1326 | D:2      | Found a faded altar of an unknown god.
  1900 | D:2      | Reached XP level 4. HP: 33/33 MP: 4/8
  1951 | D:2      | Learned a level 4 spell: Fulminant Prism
  2009 | D:3      | Found a burning altar of Makhleb.
  2191 | D:3      | Noticed Ijyb
  2232 | D:3      | Killed Ijyb
  2233 | D:3      | Reached skill level 5 in Conjurations
  2494 | D:3      | Found Taloustro's General Store.
  2805 | D:3      | Noticed Terence
  2810 | D:3      | Killed Terence
  2939 | D:3      | Reached XP level 5. HP: 21/38 MP: 6/10
  3282 | D:4      | Noticed an ogre
  3288 | D:4      | Killed an ogre
  3289 | D:4      | Reached XP level 6. HP: 45/45 MP: 1/12
  3911 | D:4      | Found a white marble altar of Elyvilon.
  4400 | D:4      | Reached skill level 5 in Spellcasting
  4623 | D:4      | Found a basalt altar of Yredelemnul.
  4702 | D:5      | Entered Level 5 of the Dungeon
  4756 | D:5      | Found Rukhas Imno's Antique Armour Shop.
  4783 | D:5      | Found a sand-covered staircase.
  4840 | Ossuary  | Entered an ossuary
  5096 | Ossuary  | Your scales start taking on a dull iron-grey colour.
  5096 | Ossuary  | Reached XP level 7. HP: 50/50 MP: 8/14
  5358 | D:5      | Learned a level 3 spell: Passwall
  5390 | D:5      | Found a glowing drain.
  5522 | D:5      | Found a staircase to the Ecumenical Temple.
  5588 | D:5      | Reached skill level 1 in Earth Magic
  5941 | D:5      | Reached skill level 2 in Earth Magic
  6159 | D:5      | Found Neski's Magic Scroll Shop.
  6176 | Temple   | Entered the Ecumenical Temple
  6193 | Temple   | Became a worshipper of Vehumet
  6200 | Temple   | Learned a level 5 spell: Fireball
  6350 | D:5      | Found Ocigoroa's Weapon Shop.
  6362 | D:5      | Found Ynaupaf's General Store.
  6570 | D:5      | Reached skill level 1 in Fire Magic
  6570 | D:5      | Reached XP level 8. HP: 57/57 MP: 11/17
  6666 | D:5      | Found Keimorch's General Store.
  6814 | D:5      | Found Teoqeer's Antique Weapon Boutique.
  6832 | D:5      | Found Vawomm's Assorted Antiques.
  8355 | D:6      | Found a shimmering blue altar of Sif Muna.
  8728 | D:7      | Reached * piety under Vehumet
  8728 | D:7      | Offered knowledge of Sandblast by Vehumet.
  8981 | D:7      | Reached XP level 9. HP: 52/62 MP: 3/19
  9180 | D:7      | Found a flagged portal.
  9200 | Bailey   | Entered a bailey
  9283 | Bailey   | Offered knowledge of Foxfire by Vehumet.
  9426 | Bailey   | Reached ** piety under Vehumet
  9613 | Bailey   | Noticed an orc knight
  9769 | Bailey   | Killed an orc knight
  9770 | Bailey   | Reached skill level 5 in Fire Magic
 10073 | D:7      | Found Taus's Magic Scroll Emporium.
 10113 | D:7      | Found Uzeigieh's Jewellery Shoppe.
 10575 | D:8      | Paralysed by a hornet for 1 turns
 10632 | D:8      | Noticed Maurice
 10662 | D:8      | Something stole an amulet of guardian spirit
 10677 | D:8      | Something stole a +2 mace of holy wrath
 10997 | D:8      | Noticed Psyche
 11422 | D:8      | Something stole 6 poisoned darts
 11426 | D:8      | Something stole 428 gold
 11683 | D:8      | Killed Maurice
 11684 | D:8      | Reached XP level 10. HP: 49/69 MP: 1/22
 11755 | D:8      | Offered knowledge of Static Discharge by Vehumet.
 12111 | D:8      | Found a faded altar of an unknown god.
 12111 | D:8      | Found a sacrificial altar of Ru.
 12117 | D:8      | Found a shadowy altar of Dithmenos.
 12119 | D:8      | Found an opulent altar of Gozag.
 12121 | D:8      | Found a hide-covered altar of Uskayaw.
 12382 | D:8      | Killed Psyche
 12580 | D:8      | Reached skill level 10 in Conjurations
 12788 | D:9      | Noticed Erica
 12793 | D:9      | Killed Erica
 13188 | D:9      | Noticed a sixfirhy
 13375 | D:9      | Found a glowing golden altar of the Shining One.
 13466 | D:9      | Noticed Maggie
 13466 | D:9      | Noticed a two-headed ogre
 13474 | D:9      | Killed Maggie
 13476 | D:9      | Killed a two-headed ogre
 13476 | D:9      | Reached *** piety under Vehumet
 13640 | D:9      | Reached XP level 11. HP: 57/74 MP: 12/24
 13812 | D:9      | Noticed Jeremiah
 13822 | D:9      | Killed Jeremiah
 14923 | D:9      | Found a staircase to the Lair.
 15014 | Lair:1   | Entered Level 1 of the Lair of Beasts
 15056 | Lair:1   | Found a gate leading to a gauntlet.
 15070 | Gauntlet | Entered a Gauntlet
 15070 | Gauntlet | Found a transporter.
 15070 | Gauntlet | Found a transporter.
 15070 | Gauntlet | Found a large runed translucent door.
 15070 | Gauntlet | Found a large runed translucent door.
 15070 | Gauntlet | Found a large runed translucent door.
 15070 | Gauntlet | Found a large runed translucent door.
 15070 | Gauntlet | Found a large runed translucent door.
 15070 | Gauntlet | Found a large runed translucent door.
 15070 | Gauntlet | Found a runed translucent door.
 15070 | Gauntlet | Found a runed translucent door.
 15070 | Gauntlet | Found a large runed translucent door.
 15070 | Gauntlet | Found a large runed translucent door.
 15070 | Gauntlet | Found a large runed translucent door.
 15070 | Gauntlet | Found a large runed translucent door.
 15070 | Gauntlet | Found a large runed translucent door.
 15070 | Gauntlet | Found a large runed translucent door.
 15074 | Gauntlet | Found a transporter.
 15074 | Gauntlet | Found a transporter.
 15079 | Gauntlet | Found a large runed translucent door.
 15079 | Gauntlet | Found a large runed translucent door.
 15081 | Gauntlet | Found a runed translucent gate.
 15081 | Gauntlet | Found a runed translucent gate.
 15081 | Gauntlet | Found a runed translucent gate.
 15083 | Gauntlet | Noticed a sixfirhy
 15093 | Gauntlet | Found a transporter.
 15093 | Gauntlet | Noticed a fire crab
 15098 | Gauntlet | Found a transporter.
 15098 | Gauntlet | Found a transporter.
 15100 | Gauntlet | Noticed a hell hog
 15103 | Gauntlet | Found a transporter.
 15149 | Gauntlet | Found a transporter.
 15159 | Gauntlet | Found a transporter.
 15237 | Gauntlet | Found a transporter.
 15249 | Gauntlet | Found a transporter.
 15264 | Gauntlet | Noticed a soul eater
 15271 | Gauntlet | Found a transporter.
 15389 | Gauntlet | Found a large runed translucent door.
 15389 | Gauntlet | Found a large runed translucent door.
 15390 | Gauntlet | Noticed a soul eater
 15392 | Gauntlet | Found a transporter.
 15410 | Gauntlet | Found a transporter.
 15430 | Gauntlet | Found a transporter.
 15482 | Gauntlet | Learned a level 4 spell: Iskenderun's Mystic Blast
 15489 | Gauntlet | Learned a level 6 spell: Starburst
 15592 | Gauntlet | Killed a soul eater
 15593 | Gauntlet | Reached skill level 10 in Fire Magic
 15728 | Gauntlet | Identified the +0 pair of gloves of Autumn {rF+ Str+6
                  | Int+4}
 16050 | Gauntlet | Identified the ring of the Enemy {rElec rC+ Str+6}
 16099 | Gauntlet | Killed a fire crab
 16103 | Gauntlet | Offered knowledge of Stone Arrow by Vehumet.
 16143 | Gauntlet | Identified the -1 pair of boots of the Spheres {rC+++ Will-
                  | Str+3}
 16145 | Gauntlet | Identified the +5 scale mail of Jaenwo {rC++ Dex+2}
 16876 | Gauntlet | Noticed a minotaur
 16884 | Gauntlet | Killed a minotaur
 16885 | Gauntlet | Reached skill level 10 in Spellcasting
 16921 | Gauntlet | Got Zoetygab's Excursus on the Wispy Crucible
 16969 | Lair:1   | Learned a level 3 spell: Stone Arrow
 17124 | Lair:1   | Found a transporter.
 17319 | Lair:1   | Reached skill level 3 in Earth Magic
 17566 | Lair:1   | Reached **** piety under Vehumet
 17567 | Lair:1   | Reached skill level 4 in Earth Magic
 17747 | Lair:1   | Found a transporter.
 18134 | Lair:1   | Offered knowledge of Hailstorm by Vehumet.
 18135 | Lair:1   | Reached XP level 12. HP: 58/81 MP: 20/26
 18337 | Lair:1   | Identified a scroll of acquirement
 18337 | Lair:1   | Acquired 418 gold pieces
 18860 | Lair:2   | Reached skill level 5 in Earth Magic
 18885 | Lair:2   | Found a staircase to the Swamp.
 18962 | Lair:2   | Noticed a four-headed hydra
 18974 | Lair:2   | Killed a four-headed hydra
 19241 | Lair:2   | Reached skill level 6 in Earth Magic
 19287 | Lair:2   | Noticed Harold
 19293 | Lair:2   | Killed Harold
 20538 | Lair:3   | Reached skill level 7 in Earth Magic
 20888 | Lair:3   | Noticed Nessos
 20892 | Lair:3   | Killed Nessos
 20900 | Lair:3   | HP: 4/81 [poisoned by Nessos]
 20905 | Lair:3   | HP: 4/81 [poisoned by Nessos]
 21324 | Lair:3   | Found a hole to the Spider Nest.
 21431 | Lair:3   | Reached XP level 13. HP: 86/86 MP: 5/28
 21946 | Lair:4   | Reached ***** piety under Vehumet
 21946 | Lair:4   | Offered knowledge of Bombard by Vehumet.
 21954 | Lair:4   | Learned a level 6 spell: Bombard
 22060 | Lair:4   | Found a runed translucent door.
 22061 | Lair:4   | Found a viscous altar of Jiyva.
 22063 | Lair:4   | Found a staircase to the Slime Pits.
 22082 | Lair:4   | Reached skill level 8 in Earth Magic
 22703 | Lair:4   | Found a basalt altar of Yredelemnul.
 23405 | Lair:5   | Entered Level 5 of the Lair of Beasts
 23430 | Lair:5   | Reached skill level 9 in Earth Magic
 24920 | Lair:5   | Reached skill level 10 in Earth Magic
 25716 | Lair:5   | Reached XP level 14. HP: 93/93 MP: 25/30
 27916 | Lair:5   | Reached XP level 15. HP: 111/111 MP: 31/31
 28569 | Lair:1   | Learned a level 5 spell: Borgnjor's Vile Clutch
 28622 | D:10     | Entered Level 10 of the Dungeon
 29010 | D:10     | Found a broken altar of Ashenzari.
 29010 | D:10     | Found a stormy altar of Qazlal.
 30239 | D:11     | Acquired the Opusculum on Terra Firma and Injury
 30282 | D:11     | Found a snail-covered altar of Cheibriados.
 30353 | D:11     | Reached skill level 1 in Necromancy
 30622 | D:11     | Reached skill level 5 in Fighting
 30978 | D:11     | Offered knowledge of Conjure Ball Lightning by Vehumet.
 32096 | D:12     | Reached skill level 11 in Earth Magic
 32692 | D:12     | Found a staircase to the Orcish Mines.
 32811 | D:13     | Noticed Urug
 32811 | D:13     | Noticed Sonja
 32813 | D:13     | Killed Sonja
 32816 | D:13     | Killed Urug
 33269 | D:13     | Identified the +1 leather armour of the Hidden Vale {Str+6
                  | Dex-2}
 34221 | D:13     | You fall into a shaft and drop 1 floor!
 35583 | D:14     | Noticed Lodul
 35587 | D:14     | Killed Lodul
 36457 | D:14     | Found a gate to the Vaults.
 36807 | D:14     | Found a roughly hewn altar of Beogh.
 36996 | D:14     | Reached skill level 12 in Earth Magic
 37091 | D:14     | Noticed Azrael
 37358 | D:14     | Killed Azrael
 37485 | D:15     | Entered Level 15 of the Dungeon
 38168 | D:15     | Reached XP level 16. HP: 126/126 MP: 30/33
 39133 | D:15     | Found a staircase to the Depths.
 39139 | D:15     | Noticed Josephine
 39240 | D:15     | Killed Josephine
 39241 | D:15     | Offered knowledge of Spellforged Servitor by Vehumet.
 40058 | D:15     | Upgraded the game from 0.32-a0-876-gcfddb08e57 to
                  | 0.32-a0-898-g7811c86cf0
 40153 | Orc:1    | Entered Level 1 of the Orcish Mines
 41009 | Orc:2    | Entered Level 2 of the Orcish Mines
 41637 | Orc:2    | Found a staircase to the Elven Halls.
 41647 | Orc:2    | Reached skill level 15 in Fire Magic
 42030 | Orc:2    | Reached skill level 13 in Earth Magic
 42678 | Orc:2    | Found Itamnuj's Distillery.
 42680 | Orc:2    | Found Uduqegysm's Magic Scroll Emporium.
 42928 | Orc:2    | Found Qybaatum's Book Boutique.
 42929 | Orc:2    | Found Ympuonua's General Store.
 43665 | Elf:1    | Entered Level 1 of the Elven Halls
 44256 | Elf:1    | Offered knowledge of Irradiate by Vehumet.
 45172 | Elf:1    | Reached skill level 10 in Fighting
 45175 | Elf:1    | Paralysed by an air elemental for 1 turns
 45186 | Elf:1    | Reached skill level 14 in Earth Magic
 46015 | Elf:1    | Got the Secrets of Seven Elven Habits
 46022 | Elf:1    | Learned a level 5 spell: Lee's Rapid Deconstruction
 46053 | Elf:1    | Paralysed by an air elemental for 1 turns
 46132 | Elf:1    | Reached XP level 17. HP: 113/141 MP: 5/35
 46959 | Swamp:1  | Entered Level 1 of the Swamp
 46979 | Lair:2   | Reached skill level 1 in Shields
 48047 | Swamp:1  | Paralysed by a hornet for 3 turns
 48331 | Swamp:1  | Got Duluziv's Parchment of Reanimation Made Easy
 48730 | Swamp:2  | Offered knowledge of Permafrost Eruption by Vehumet.
 49951 | Swamp:3  | Noticed a tentacled monstrosity
 50730 | Swamp:3  | Reached skill level 15 in Spellcasting
 50970 | Swamp:3  | Killed a tentacled monstrosity
 51054 | Swamp:3  | Offered knowledge of Iskenderun's Battlesphere by Vehumet.
 52047 | Swamp:4  | Entered Level 4 of the Swamp
 52261 | Swamp:4  | Reached skill level 15 in Earth Magic
 54419 | Swamp:4  | Reached skill level 5 in Dodging
 54419 | Swamp:4  | Reached skill level 5 in Shields
 54462 | Swamp:4  | Reached XP level 18. HP: 151/152 MP: 27/37
 55326 | Swamp:4  | Got a decaying rune of Zot
 55970 | Elf:2    | Found Oclol's Jewellery Boutique.
 55974 | Elf:2    | Bought a ring of poison resistance for 260 gold pieces
 56051 | Elf:2    | Identified the +9 falchion of Xom {vamp, Str-3 Dex+6}
 56262 | Elf:2    | Found a runed translucent gate.
 56262 | Elf:2    | Found a runed translucent gate.
 56262 | Elf:2    | Found a runed translucent gate.
 56959 | Elf:2    | Offered knowledge of Orb of Destruction by Vehumet.
 59278 | Spider:1 | Entered Level 1 of the Spider Nest
 60499 | Spider:1 | Reached skill level 16 in Earth Magic
 64065 | Spider:2 | Identified the serpent talisman of Intuition {Str+3 Dex-4
                  | Slay+2 Stlth+}
 65294 | Spider:3 | Noticed Nikola
 65299 | Spider:3 | Killed Nikola
 66799 | Spider:3 | Found a hide-covered altar of Uskayaw.
 67163 | Spider:3 | Reached XP level 19. HP: 150/163 MP: 25/39
 67496 | Spider:4 | Entered Level 4 of the Spider Nest
 67963 | Spider:4 | Noticed Mlioglotl
 68400 | Spider:4 | Reached ****** piety under Vehumet
 68612 | Spider:4 | Killed Mlioglotl
 69556 | Spider:4 | Noticed Mara
 69558 | Spider:4 | Noticed tinescath's illusion
 69827 | Spider:4 | Killed Mara
 70385 | Spider:4 | Offered knowledge of Shatter by Vehumet.
 70385 | Spider:4 | Offered knowledge of Polar Vortex by Vehumet.
 71350 | Spider:3 | Reached skill level 17 in Earth Magic
 71734 | Spider:4 | Noticed Arachne
 72307 | Spider:4 | Killed Arachne
 73687 | Spider:4 | Got a gossamer rune of Zot
 73932 | Lair:1   | Upgraded the game from 0.32-a0-898-g7811c86cf0 to
                  | 0.32-a0-900-g30fb1b0edc
 74079 | Vaults:1 | Entered Level 1 of the Vaults
 75721 | Vaults:1 | Reached skill level 15 in Conjurations
 76378 | Vaults:1 | Found Guil's Jewellery Shop.
 78125 | Vaults:2 | Noticed Xtahua
 79416 | Vaults:2 | Found Ynatizxo's Book Emporium.
 80481 | Vaults:2 | Found a staircase to the Crypt.
 80926 | Vaults:2 | Reached XP level 20. HP: 164/176 MP: 15/40
 83442 | Vaults:2 | Killed Xtahua
 83861 | Vaults:3 | Found the +10 dark maul {heavy}
 84038 | Vaults:3 | Paralysed by a formless jellyfish for 1 turns
 84040 | Vaults:3 | Paralysed by a formless jellyfish for 1 turns
 84261 | Vaults:3 | Reached skill level 18 in Earth Magic
 86307 | Vaults:3 | Found Noosifur's Armour Shop.
 86840 | Vaults:4 | Reached skill level 15 in Fighting
 87129 | Vaults:4 | Identified the +3 hand axe of Salt {freeze, Will+}
 88106 | Vaults:4 | Reached skill level 10 in Dodging
 89901 | Lair:1   | Identified the +1 pair of gloves "Forget-Me-Not" {rPois rC-
                  | Dex+4}
 90440 | Depths:1 | Entered Level 1 of the Depths
 90693 | Depths:1 | Reached XP level 21. HP: 185/185 MP: 24/42
 90939 | Depths:1 | Found a gateway to Hell.
 92634 | Depths:1 | Found a one-way gateway to a ziggurat.
 93138 | Depths:1 | Found a glowing silver altar of Zin.
 93699 | Elf:3    | Entered Level 3 of the Elven Halls
 94749 | Elf:3    | Got Ochy Bao's Teachings on Sandy Blasting
 94888 | Elf:3    | Identified the ring of the Assorted Ziggurats {rElec rPois
                  | Int+3}
 94891 | Elf:3    | Reached skill level 19 in Earth Magic
 95489 | Elf:3    | Found a runed translucent door.
 95490 | Elf:3    | Found a shimmering altar of Xom.
 95490 | Elf:3    | Noticed Xoplewiq's ghost (adept DsGl)
 96661 | Elf:2    | Learned a level 8 spell: Ignition
 96706 | Abyss:2  | Cast into level 2 of the Abyss (a deep elf sorcerer)
 96712 | Abyss:2  | Found a corrupted altar of Lugonu.
 96821 | Abyss:4  | Found a corrupted altar of Lugonu.
 96822 | Abyss:4  | Found a corrupted altar of Lugonu.
 96871 | Elf:3    | Escaped the Abyss
 97090 | Elf:3    | Identified the +4 chain mail of Yredelemnul, Singing {rC+}
 97104 | Elf:3    | Identified the ring of Suspicion {rCorr Str+2 Stlth+}
 98067 | Elf:3    | Got the Octavo of the Beaker and Hoarfrost
 98234 | Elf:3    | Found the ring of the Hare {EV+10}
 98240 | Elf:3    | Identified the +0 acid dragon scales "Giyts" {rF- rCorr
                  | Int+3 Dex+8}
 98242 | Elf:3    | Identified the ring of Ethror {rF+ rC+++ rN+ MP+9 Int-2}
 98586 | Vaults:5 | Entered Level 5 of the Vaults
 98589 | Vaults:5 | Reached XP level 22. HP: 196/196 MP: 44/44
 98589 | Vaults:5 | Noticed an ancient lich
 98600 | Vaults:4 | Killed an ancient lich
 99505 | Lair:1   | Learned a level 9 spell: Shatter
100595 | Depths:2 | Found Pukoiv's Jewellery Shop.
100777 | Depths:2 | Found Ramaj's Antique Armour Boutique.
100787 | Depths:2 | Found Natezav's Armour Boutique.
100795 | Depths:2 | Bought the +0 cloak "Wiynen" {Will+ Dex+2 SInv} for 280
                  | gold pieces
101351 | Depths:2 | Noticed a caustic shrike
101360 | Depths:2 | Killed a caustic shrike
101743 | Depths:2 | Found a one-way gate leading to the halls of Pandemonium.
102208 | Depths:2 | Found a shimmering altar of Xom.
102285 | Depths:2 | Found Obby's Antique Weapon Boutique.
103153 | Depths:2 | Identified the ring "Daaco" {rPois rF+ Int+3 Dex+3}
103157 | Depths:2 | Identified the ring "Ynits" {Fire Dex+5}
103164 | Depths:2 | Identified the +2 scimitar "Iroq" {freeze, +Blink Stlth+}
103301 | Depths:2 | Found Reist's Distillery.
104497 | Depths:3 | Found a sparkling altar of Nemelex Xobeh.
104621 | Depths:3 | Reached skill level 20 in Earth Magic
105299 | Depths:3 | Found Yjubadgh's Book Emporium.
105300 | Depths:3 | Found Olidghigg's Jewellery Shop.
105301 | Depths:3 | Found Atenapnoil's Book Emporium.
105393 | Depths:3 | Found a shimmering blue altar of Sif Muna.
105393 | Depths:3 | Identified the orb "Tefej" {*channel, Dex+5 Summ}
105393 | Depths:3 | Identified the orb of the Demon Prince {guile, Str-2 Summ
                  | Alchemy}
105793 | Depths:3 | Got the Information on Accomplices
105801 | Depths:3 | Got the Parchment of Command
105837 | Depths:4 | Entered Level 4 of the Depths
106348 | Depths:4 | Noticed Parghit
110846 | Vaults:5 | Reached XP level 23. HP: 137/206 MP: 45/45
112653 | Depths:4 | Found a hazy altar of Hepliaklqana.
112998 | Depths:3 | Found a one-way gate to the infinite horrors of the Abyss.
113280 | Depths:4 | Found a gate to the Realm of Zot.
113837 | Depths:4 | Killed Parghit
115070 | Vaults:5 | Noticed an ancient lich
115076 | Vaults:5 | Killed an ancient lich
117606 | Vaults:5 | Reached skill level 21 in Earth Magic
117950 | Vaults:5 | Got a silver rune of Zot
117974 | Vaults:5 | Identified the amulet "Byim" {Acrobat Rampage Dex+3}
118421 | Vaults:5 | Identified the staff of the Blind Eye {rN+ Dex+2 Necro}
118434 | Vaults:5 | Identified the +3 mace of a sewer {drain, *Slow rF+ MP+9
                  | Str+2}
118440 | Vaults:5 | Identified the ring of Cusal {Ice rN+ Dex+3}
118482 | Vaults:5 | Found the +1 cloak of Starlight {*Dazzle EV+4 Stlth--}
118483 | Vaults:5 | Found the +3 greatsling "Punk" {acid, rCorr}
118515 | Vaults:5 | Identified the +4 shortbow of the Chewing Seer {elec, rF+
                  | rCorr Stlth+}
118691 | Vaults:5 | Identified the +8 rapier of Terror {speed, SInv}
119241 | Zot:1    | Entered Level 1 of the Realm of Zot
120238 | Zot:1    | Noticed an orb of fire
120483 | Zot:1    | Gained mutation: You occasionally lose the ability to drink
                  | potions when taking damage. [an orb of fire]
120487 | Zot:1    | Killed an orb of fire
121254 | Zot:1    | Noticed a curse toe
121326 | Zot:1    | Killed from afar by a quicksilver dragon

Illustrated notes

Levels and vault maps discovered:
D:1:      dpeg_arrival_shrine, layout_basic
D:2:      layout_basic, shapermc_ecumenical_altar_starsandcircs,
          amcnicky_mini_corridor_feature, minmay_tall_x
D:3:      layout_loops_ring, mainiacjoe_overflow_cross_hatched, serial_shops,
          shop, uniq_ijyb, uniq_terence
D:4:      layout_loops_ring, kennysheep_ying_yang
D:5:      layout_basic, minmay_temple_entry_junction,
          cheibrodos_sewer_entry_bend, serial_shops, shop,
          nicolae_shop_real_fake_doors, shop, enter_ossuary_3,
          nicolae_shop_national_dungeon_mall, dk_noncrumbling_2,
          hangedman_minor_gate_pass
D:6:      layout_loops_ring, mainiacjoe_overflow_paths
D:7:      layout_basic, serial_shops, shop_fountains, nicolae_shop_hallway_plus,
          enter_bailey_5, minmay_misc_feat_x
D:8:      layout_rooms, chequers_temple_overflow_minitemple,
          minmay_misc_feat_tiny, minmay_misc_feat_diagonals, uniq_psyche,
          uniq_maurice
D:9:      layout_roguey, old_standard_altar, erik_lair_dragon,
          chequers_arboretum, kennysheep_generic_room_6, uniq_jeremiah,
          uniq_erica, uniq_maggie
D:10:     layout_basic, mainiacjoe_overflow_divided_tiny, minmay_misc_feat_tower
D:11:     layout_cave_pods, cheibriados_altar_1
D:12:     layout_irregular_city, erik_orc_1, hex_medium, drop_trap
D:13:     layout_irregular_city, uniq_urug, uniq_sonja
D:14:     layout_small_grid, david_vaults_2, minivault_27, special_room
          [special_room_orc], uniq_lodul, uniq_azrael
D:15:     gammafunk_depths_entry_grave, layout_irregular_city, uniq_josephine
Temple:   nicolae_temple_bog_church
Lair:1:   gammafunk_worm_tunnel, layout_layer_cave, gauntlet_entry_generic,
          minmay_hedge_maze, grunt_megastairs_1
Lair:2:   layout_long_grid, nicolae_swamp_entry_splash_gauntlet, uniq_harold
Lair:3:   layout_misc_corridors, spider_nest_entry_funnel_web, uniq_nessos
Lair:4:   layout_roguey, slime_entry_2, basic_altar, ldierk_geyser
Lair:5:   minmay_lair_end_enchanted_forest, layout_hall_layers, st_stairs_12,
          lemuel_fruit_fields, grunt_megastairs_3
Swamp:1:  layout_basic_swamp, evilmike_swamp_ruin_house_4,
          nicolae_swamp_necromancy_gone_wrong
Swamp:2:  layout_basic_swamp, hangedman_swamp_ruin_wall, swamp_pool_1_2,
          nicolae_swamp_decorative_isthmus, infiniplex_staircase_pool
Swamp:3:  nicolae_swamp_ascending_descending, layout_basic_swamp,
          hangedman_swamp_cone
Swamp:4:  swamp, layout_basic_swamp, swamp_pool_1_2,
          nicolae_swamp_nymph_family_reunion
Spider:1: layout_spider_delve
Spider:2: layout_spider_delve
Spider:3: layout_spider_delve, nicolae_spider_altar_of_dancing, uniq_nikola
Spider:4: grunt_spider_rune_circles, spiders_nest_spider_trap, uniq_mara,
          uniq_arachne, uniq_mlioglotl
Orc:1:    layout_caves
Orc:2:    st_orc_open, layout_caves
Elf:1:    nicolae_elf_arrival_fired_up, layout_gridlike,
          hangedman_elf_disciples, hellmonk_elf_help
Elf:2:    nicolae_elf_blades_splatter_lattice
          [nicolae_blade_entry_crossed_weapons], layout_onion_city,
          serial_shops, shop
Elf:3:    minmay_elf_hall_dome, layout_gridlike, ebering_ghost_xom,
          st_stairs_12, minmay_checkered_concentric_circles, grunt_megastairs_4
Vaults:1: nicolae_vaults_rhombus_5, nicolae_vaults_octothorpe,
          nicolae_vaults_network_square, ontoclasm_vaults_eye,
          vaults_room_stairs_pillars, nicolae_vaults_trapezoid_1,
          layout_vaults_omnigrid, serial_shops, nicolae_square_shop
Vaults:2: minmay_crypt_entry_simple_plaza, nicolae_vaults_storage_closets_1,
          grunt_vaults_hallway_long, vaults_standard_mumra_x, v_misc_8,
          nicolae_vaults_trapezoid_1, nicolae_vaults_storage_closets_3,
          vaults_room_corners, nicolae_vaults_closet_pinwheel_3, st_cells,
          nicolae_vaults_diamond_2, v_misc_32, nicolae_vaults_little_squares_5,
          layout_vaults_omnicross, serial_shops,
          nicolae_shop_pleasant_corner_grove, uniq_margery, uniq_xtahua
Vaults:3: v_rooms_4, vaults_mumra_hexcomb, nicolae_vaults_stepped_doors,
          nicolae_vaults_taking_the_gang_shopping, nicolae_vaults_triangles,
          ontoclasm_vaults_hangar, nicolae_vaults_trapezoid_lopsided_4,
          nicolae_vaults_closet_pinwheel_2, v_alt_pattern_1, layout_vaults_maze
Vaults:4: vaults_dpeg_cross, ontoclasm_vaults_ring_small, v_alt_pattern_1,
          v_misc_30, nicolae_vaults_rhombus_5, nicolae_vaults_more_shelving_1,
          nicolae_vaults_house_1, grunt_vaults_funnel,
          nicolae_vaults_puzzle_piece, nicolae_vaults_tetromino_T_1,
          nicolae_vaults_diamond_1, layout_vaults_big_room
Vaults:5
Depths:1: layout_long_grid, enter_ziggurat_a, grunt_mini_vestibule,
          minmay_misc_feat_roman, zin_statuary
Depths:2: minmay_haunted_quarter, layout_gridlike, xom_teletrap_fun,
          rand_demon_pan_entry_3, serial_shops,
          nicolae_shop_tiny_real_fake_doors, shop, kennysheep_mini_moat, shop,
          kennysheep_little_box, serial_corexii_hall, corexii_hall_statues_l,
          corexii_hall_statues_l, hangedman_coc_ice_floe,
          kennysheep_nondecorative_pillar
Depths:3: regret_index_nemelex_summoning_deck_glade, layout_twisted_cross,
          grunt_hell_entry_dis_grunt, abyss_entry, roderic_roman_lattice,
          pan_entry, hangedman_summoners_spam, minmay_shop_grove
Depths:4: grunt_zot_entry_funnels, layout_basic, nzn_hepliaklqana_mist_gate,
          hell_entry, uniq_parghit
Zot:1:    kennysheep_oblong_rooms, layout_misc_corridors,
          regret_index_zotdec_stipple_waver, zot_minivault_5

Skill      XL: |  1  2  3  4  5  6  7  8  9 10 11 12 13 14 15 16 17 18 19 20 21 22 23 |
---------------+----------------------------------------------------------------------+-----
Spellcasting   | 3 4 5 6 7 8 9 10 11 12 13 14 15 16 17 18 19 | 19.2
Conjurations   | 5 6 7 8 9 10 11 12 13 14 15 16 17 18 | 18.5
Earth Magic    | 2 4 7 10 12 14 15 16 17 18 19 20 21 | 21.2
Fire Magic     | 1 4 7 9 11 12 13 14 15 16 17 18 19 20 | 20.6
Fighting       | 4 7 10 11 13 14 15 16 17 18 | 18.3
Necromancy     | 4 |  4.0
Dodging        | 5 7 8 10 11 12 | 12.8
Shields        | 5 6 |  6.6
Stealth        | |  1.7

Action                     |  1- 3 |  4- 6 |  7- 9 | 10-12 | 13-15 | 16-18 | 19-21 | 22-24 || total
---------------------------+-------+-------+-------+-------+-------+-------+-------+-------++-------
  Melee: Unarmed           |     1 |       |       |       |       |       |       |       ||     1
         Dagger            |    25 |     1 |       |       |       |       |       |       ||    26
         Tailslap          |     3 |       |     9 |    10 |     9 |    16 |    18 |     5 ||    70
         Mace              |       |     7 |    14 |       |       |       |       |       ||    21
         Long sword        |       |       |    53 |    47 |     4 |       |       |       ||   104
         Staff             |       |       |       |    25 |    48 |    71 |    12 |    11 ||   167
         Eveningstar       |       |       |       |       |       |    35 |    40 |       ||    75
         Demon whip        |       |       |       |       |       |       |       |    10 ||    10
   Cast: Magic Dart        |    77 |   115 |   303 |   237 |   274 |   231 |    81 |     7 ||  1325
         Searing Ray       |       |    10 |    18 |    27 |     1 |     1 |       |       ||    57
         Passwall          |       |       |     1 |       |       |       |       |       ||     1
         Fulminant Prism   |       |       |    17 |     8 |     2 |     5 |       |       ||    32
         Fireball          |       |       |     5 |    58 |   140 |   208 |   136 |    49 ||   596
         Starburst         |       |       |       |    11 |    11 |    13 |    13 |    10 ||    58
         Stone Arrow       |       |       |       |    49 |   149 |   236 |   120 |    35 ||   589
         Iskenderun's Myst |       |       |       |     3 |     3 |     1 |    11 |     1 ||    19
         Bombard           |       |       |       |       |    38 |   148 |   263 |   261 ||   710
         Borgnjor's Vile C |       |       |       |       |    31 |   188 |   124 |    68 ||   411
         Lee's Rapid Decon |       |       |       |       |       |    45 |   213 |    86 ||   344
         Ignition          |       |       |       |       |       |       |     6 |    19 ||    25
         Shatter           |       |       |       |       |       |       |       |    71 ||    71
Ability: Mud Breath        |       |       |     6 |     6 |       |     9 |     8 |     3 ||    32
    Use: Potion            |       |     1 |       |     3 |     2 |     1 |     1 |     7 ||    15
         Scroll            |       |     3 |     4 |    19 |     6 |     2 |       |     6 ||    40
   Stab: Sleeping          |       |       |     6 |       |       |       |       |       ||     6
 Armour: Skin              |    41 |    48 |   125 |   254 |   167 |   582 |   371 |   207 ||  1795
  Dodge: Dodged            |    32 |    11 |   208 |   280 |   208 |   461 |   171 |   207 ||  1578
  Block: Buckler           |       |       |       |       |       |   137 |   129 |       ||   266
         Reflection        |       |       |       |       |       |       |    27 |    50 ||    77
         Kite shield       |       |       |       |       |       |       |    12 |   210 ||   222
         Other             |       |       |       |       |       |       |       |    15 ||    15

Table legend: (Time is in decaauts)
 A = Elapsed time spent in this place.
 B = Non-inter-level travel time spent in this place.
 C = Inter-level travel time spent in this place.
 D = Time resting spent in this place.
 E = Time spent auto-exploring this place.
 F = Levels seen in this place.
 G = Mean time per level.
                   A        B        C        D        E       F      G
               +--------+--------+--------+--------+--------+-----+--------+
         Total | 121612 | 113506 |   8106 |  63156 |  36480 |  50 | 2432.2 |
       Dungeon |  28875 |  25748 |   3127 |   9836 |  12925 |  15 | 1925.0 |
        Temple |     40 |      7 |     33 |      0 |      0 |   1 |   40.0 |
          Lair |  13443 |  12590 |    853 |   6354 |   4485 |   5 | 2688.6 |
         Swamp |   7932 |   7708 |    224 |   4162 |   2657 |   4 | 1983.0 |
   Spider Nest |  14379 |  13496 |    883 |   9510 |   2751 |   4 | 3594.8 |
  Orcish Mines |   3382 |   3087 |    295 |   1831 |    871 |   2 | 1691.0 |
   Elven Halls |  10585 |   9821 |    764 |   5058 |   3330 |   3 | 3528.3 |
        Vaults |  21784 |  20574 |   1210 |  13985 |   4726 |   5 | 4356.8 |
        Depths |  16871 |  16158 |    713 |  10328 |   4000 |   4 | 4217.8 |
           Zot |    964 |    964 |      0 |    521 |    201 |   1 |  964.0 |
         Abyss |    164 |    164 |      0 |      0 |      0 |   3 |   54.7 |
       Ossuary |    501 |    501 |      0 |      0 |    396 |   1 |  501.0 |
        Bailey |    835 |    835 |      0 |    459 |    125 |   1 |  835.0 |
      Gauntlet |   1850 |   1850 |      0 |   1111 |     11 |   1 | 1850.0 |
               +--------+--------+--------+--------+--------+-----+--------+

Top non-repeatable levels by time:
Vaults:4: 7008 daAuts
Depths:4: 5697 daAuts
Vaults:1: 4819 daAuts
Spider:3: 4588 daAuts
Vaults:2: 4386 daAuts
Depths:3: 4171 daAuts
  Lair:5: 4166 daAuts
   Elf:3: 3969 daAuts
Vaults:3: 3910 daAuts
    D:14: 3847 daAuts
Depths:1: 3807 daAuts
Spider:1: 3644 daAuts
   Elf:2: 3547 daAuts
Spider:4: 3475 daAuts
Depths:2: 3195 daAuts
